AoeStats
← BottleDry

Lombardia

507574275Analyzed
4v4 RM · 14d ago on Sep 18, 2026· 49m 32s· 8 players
Game mode
Random Map
Map size
Large (8 player)
Population
200
Speed
Normal
Resources
Standard
Victory
Conquest
Starting age
Dark Age
Ending age
Imperial Age
RankedLock teamsTeams togetherTeam positionsShared explorationLock speedFull tech treeHidden civsTurbo modeCheats
Victory
Defeat
🇺🇸 Jurchens · United States
1012
+15
🇲🇽 Franks · Mexico
966
+17
🇺🇸 Magyars · United States
938
+18
🇺🇸 Berbers · United States
883
+21
🇩🇪 Tupi · Germany
1014
-19
🇺🇸 Poles · United States
1005
-18
🇨🇱 Mongols · Chile
997
-18
🇸🇦 Portuguese · Saudi Arabia
942
-16
DeathPanther
1:39 Loom
12:36 Feudal Age
20:18 Castle Age
18:32 Double-Bit Axe
19:28 Gold Mining
19:29 Stone Mining
21:10 Husbandry
25:10 Fervor
26:32 Wheelbarrow
29:11 Hand Cart
29:29 Scale Barding Armor
29:34 Forging
29:25 Scale Mail Armor
39:59 Imperial Age
38:54 Bow Saw
40:25 Iron Casting
40:10 Chain Barding Armor
40:17 Ballistics
39:53 Murder Holes
41:46 Cavalier
43:57 Chivalry
44:19 Conscription
49:10 Blast Furnace
48:46 Plate Barding Armor
48:17 Paladin
49:35 Hoardings
49:53 Chain Mail Armor
Level 2 Slime
8:58 Loom
10:44 Feudal Age
17:43 Castle Age
17:41 Horse Collar
18:37 Double-Bit Axe
20:31 Bow Saw
26:16 Heavy Plow
28:03 Wheelbarrow
27:14 Town Watch
30:10 Hand Cart
33:06 Imperial Age
30:32 Gold Mining
30:37 Stone Mining
31:47 Padded Archer Armor
34:12 Gold Shaft Mining
34:12 Stone Shaft Mining
33:56 Leather Archer Armor
34:24 Crop Rotation
34:58 Two-Man Saw
35:26 Ring Archer Armor
34:48 Fletching
36:12 Ballistics
36:53 Chemistry
35:59 Siege Engineers
35:35 Treadmill Crane
36:06 Masonry
35:51 Murder Holes
37:30 Thunderclap Bombs
37:21 Fortified Bastions
37:42 Conscription
37:30 Fortified Bastions
39:07 Elite Genitour
42:52 Architecture
44:05 Guilds
44:26 Coinage
43:57 Caravan
47:21 Scale Barding Armor
47:26 Forging
46:52 Light Cavalry
47:43 Bloodlines
47:33 Husbandry
47:48 Bloodlines
47:16 Elite Iron Pagoda
48:32 Hoardings
48:51 Chain Barding Armor
48:27 Bodkin Arrow
48:06 Hussar
BottleDry
7:44 Loom
10:55 Feudal Age
11:39 Double-Bit Axe
11:48 Horse Collar
13:03 Wheelbarrow
14:40 Gold Mining
17:04 Scale Barding Armor
20:46 Castle Age
19:46 Bloodlines
19:44 Stone Mining
22:06 Bow Saw
21:59 Heavy Plow
22:22 Chain Barding Armor
21:24 Light Cavalry
22:53 Husbandry
29:20 Hand Cart
30:41 Fletching
34:17 Imperial Age
33:28 Corvinian Army
33:46 Murder Holes
33:50 Town Watch
35:35 Plate Barding Armor
34:33 Cavalier
37:01 Conscription
37:30 Bodkin Arrow
41:50 Bracer
44:32 Two-Man Saw
43:42 Padded Archer Armor
43:42 Elite Magyar Huszar
44:28 Elite Skirmisher
45:34 Town Patrol
49:46 Chemistry
49:07 Ballistics
Oldpoopsak69
11:52 Feudal Age
15:35 Castle Age
14:31 Horse Collar
14:36 Double-Bit Axe
18:26 Wheelbarrow
22:22 Hand Cart
22:31 Loom
24:13 Bow Saw
24:05 Heavy Plow
25:26 Gold Mining
26:59 Gold Shaft Mining
30:59 Imperial Age
29:32 Fletching
29:42 Padded Archer Armor
29:39 Light Cavalry
30:30 Bloodlines
30:20 Husbandry
31:14 Hussar
31:22 Elite Camel Archer
32:43 Bodkin Arrow
33:04 Leather Archer Armor
33:21 Conscription
33:03 Stone Mining
34:00 Scale Barding Armor
35:18 Chemistry
35:14 Crop Rotation
35:18 Forging
36:22 Maghrebi Camels
39:13 Hoardings
40:02 Iron Casting
39:48 Chain Barding Armor
39:45 Bracer
40:15 Ring Archer Armor
42:13 Stone Shaft Mining
42:42 Blast Furnace
43:04 Plate Barding Armor
43:08 Heavy Camel Rider
48:46 Fortified Wall
48:56 Ballistics
ferandres99
1:28 Loom
7:10 Loom
7:18 Loom
9:38 Feudal Age
10:17 Double-Bit Axe
11:52 Town Watch
11:58 Horse Collar
17:27 Castle Age
19:34 Wheelbarrow
26:10 Bow Saw
26:08 Heavy Plow
30:35 Imperial Age
28:14 Caravan
29:03 Husbandry
29:14 Bloodlines
30:44 Cavalier
32:00 Hand Cart
31:43 Fletching
38:01 Crop Rotation
37:59 Forging
37:55 Scale Barding Armor
39:29 Conscription
39:16 Szlachta Privileges
39:39 Conscription
40:00 Iron Casting
39:49 Chain Barding Armor
42:08 Blast Furnace
44:18 Scale Mail Armor
44:13 Bodkin Arrow
44:24 Padded Archer Armor
44:50 Masonry
45:01 Ballistics
44:36 Murder Holes
45:42 Chemistry
47:11 Town Patrol
47:59 Coinage
48:40 Fervor
48:46 Block Printing
49:37 Hoardings
Patrick
9:39 Feudal Age
11:08 Wheelbarrow
11:21 Wheelbarrow
10:50 Double-Bit Axe
18:11 Castle Age
16:27 Horse Collar
20:38 Gold Mining
21:44 Stone Mining
21:48 Town Watch
23:09 Hand Cart
23:18 Heavy Plow
35:29 Bow Saw
36:35 Gold Shaft Mining
35:54 Fletching
36:05 Padded Archer Armor
39:53 Imperial Age
37:27 Town Patrol
37:13 Loom
41:03 Elite Blackwood Archer
41:46 Bodkin Arrow
42:07 Leather Archer Armor
44:35 Forging
44:26 Scale Mail Armor
45:13 Elite Ibirapema Warrior
46:49 Arson
47:04 Squires
Calcetin
5:15 Loom
13:16 Feudal Age
17:17 Castle Age
15:56 Double-Bit Axe
17:58 Stone Mining
17:59 Gold Mining
17:54 Horse Collar
26:09 Padded Archer Armor
27:18 Fletching
28:08 Forging
27:57 Bodkin Arrow
28:50 Leather Archer Armor
32:19 Wheelbarrow
38:55 Imperial Age
38:59 Ballistics
40:44 Chemistry
39:21 Elite Mangudai
41:32 Bracer
41:36 Light Cavalry
42:37 Hussar
44:23 Bloodlines
† BigMakh †
13:08 Feudal Age
13:58 Horse Collar
14:07 Double-Bit Axe
16:13 Loom
21:32 Castle Age
20:43 Stone Mining
20:45 Gold Mining
28:21 Pikeman
35:42 Wheelbarrow
39:50 Imperial Age
40:38 Forging
40:28 Scale Mail Armor
42:33 Chemistry
42:21 Elite Organ Gun
46:47 Halberdier
48:03 Bow Saw
49:29 Conscription
Connection lost

Rejoining the realm…

Still unreachable

The connection could not be restored.

Session expired

The server has moved on; the page needs a fresh start.